 Dungeon Sprint DCSS version 0.28-a0-407-g69098e2f6d (webtiles) character file.

Game seed: 16148459512001912768

2842 dolemite99 the Schismatic (level 9, 0/75 HPs)
             Began as a Merfolk Abyssal Knight on Sept 6, 2021.
             Was an Elder of Lugonu.
             Succumbed to a redback's poison
             ... in the Dungeon (Sprint III: "The Ten Rune Challenge").
             The game lasted 00:04:30 (1443 turns).

dolemite99 the Schismatic (Merfolk Abyssal Knight)  Turns: 1443, Time: 00:04:30

Health: 0/75       AC:  3    Str: 16    XL:     9   Next: 74%
Magic:  19/19      EV: 15    Int: 11    God:    Lugonu [****..]
Gold:   38         SH:  0    Dex: 13    Spells: 7/8 levels left

rFire   . . .      SeeInvis .   a - +1 spear
rCold   . . .      Faith    .   (no shield)
rNeg    . . .      Spirit   .   b - +0 leather armour
rPois   .          Reflect  .   (no helmet)
rElec   .          Harm     .   (no cloak)
rCorr   .          Rampage  .   (no gloves)
Will    .....      NoTele   +   (no boots)
Stlth   +.........              (no amulet)
HPRegen 0.22/turn               (no ring)
MPRegen 0.16/turn               (no ring)

@: lethally poisoned (0 -> -27), flying
A: (nimble swimmer 2), mertail
a: Renounce Religion, Bend Space, Banish, Corrupt


You were in the Dungeon.
You worshipped Lugonu.
Lugonu was greatly pleased with you.
You visited 1 branch You collected 38 gold pieces.

Inventory:

Hand Weapons
 a - a +1 spear (weapon)
Armour
 b - a +0 leather armour (worn)
Wands
 j - a wand of acid (6)
Scrolls
 d - 2 scrolls of torment
 e - a scroll of identify {@r1}
 h - a scroll of blinking
Potions
 f - 2 potions of magic
 g - 2 potions of flight
 i - 5 potions of mutation


   Skills:
 - Level 8.5 Fighting
 + Level 12.5 Polearms
 - Level 0.6 Armour
 - Level 9.7 Dodging
 - Level 13.7 Invocations
 - Level 11.8 Evocations


You had 7 spell levels left.
You knew the following spells:

 Your Spells              Type           Power      Damage    Failure   Level
a - Animate Skeleton      Necr           0%         N/A       41%         1

Your spell library contained the following spells:

 Spells                   Type           Power      Damage    Failure   Level
 Beastly Appendage        Tmut           0%         N/A       41%         1
 Magic Dart               Conj           0%         1d3       41%         1
 Pain                     Necr           0%         1d4       41%         1
 Searing Ray              Conj           0%         3d3       54%         2
 Wereblood                Tmut           0%         N/A       54%         2
 Spider Form              Tmut/Pois      0%         N/A       78%         3
 Vampiric Draining        Necr           0%         2d6       78%         3
 Fulminant Prism          Conj/Hex       0%         3d6       99%         4


Dungeon Overview and Level Annotations

Branches:
Dungeon (1/1)

Altars:
Dithmenos
Elyvilon
Kikubaaqudgha
Okawaru
Ru
Sif Muna
Trog
Uskayaw
Vehumet
Wu Jian
Yredelemnul
Zin
The Shining One
Beogh


Innate Abilities, Weirdness & Mutations

((You are quick and stealthy near water. (Stealth+, EV+, Speed+++)))
Your lower body shifts to a powerful aquatic tail in water.


Message History

Aiming: Corrosive Bolt
Press: ? - help, Shift-Dir - straight line, p - redback The bolt of acid misses the redback. x2
You feel extremely sick. The redback misses you.
The redback completely misses you.
Aiming: Corrosive Bolt
Press: ? - help, Shift-Dir - straight line The bolt of acid hits the redback!!
You kill the redback!
Lugonu accepts your kill.
The bolt of acid hits the redback!
The redback seems to be corroded for longer.
The redback is almost dead.
You feel extremely sick.
Your Polearms skill increases to level 11!
Aiming: Corrosive Bolt
Press: ? - help, Shift-Dir - straight line
Okay, then.
You feel better. The redback bites you.
You are lethally poisoned!
The redback poisons you! The redback bites you!
* * * LOW HITPOINT WARNING * * *
Aiming: Corrosive Bolt
Press: ? - help, Shift-Dir - straight line The bolt of acid misses the redback.
* * * LOW HITPOINT WARNING * * *
You feel extremely sick. The redback closely misses you.
Aiming: Corrosive Bolt
Press: ? - help, Shift-Dir - straight line The bolt of acid hits the redback!!
You kill the redback!
Lugonu accepts your kill.
* * * LOW HITPOINT WARNING * * *
You feel extremely sick.
Your Polearms skill increases to level 12!
Your magic is already full.
You feel very buoyant.
You fly up into the air.
You die...

###### __#__# _)#._#
###'## .....# .....#
####'#
#...#+############## ###
#...#....#.#.#.@†..# ....
#...##.#..#.##.###.# .^...
#...'##.#.#.##.#..##...^..
+...#...#..#..##..'s^..^..
▓▓▓▓▓▓▓▓▓▓▓▓▓▓▓▓▓▓#^......
^...... ..^.... .^..^.^
#+#####


There were no monsters in sight!

Vanquished Creatures
  2 redbacks (D)
  A necrophage (D)
  A water elemental (D)
  A human (D)
  A kobold demonologist (D)
  A phantom (D)
  An endoplasm (D)
  3 rats (D)
11 creatures vanquished.

Notes
Turn   | Place    | Note
-------+----------+-------------------------------------------
     0 | D        | dolemite99 the Merfolk Abyssal Knight began the quest for
                  | the Orb.
     0 | D        | Reached XP level 1. HP: 18/18 MP: 2/2
    11 | D        | Reached ** piety under Lugonu
    30 | D        | Reached skill level 5 in Polearms
    72 | D        | Reached XP level 2. HP: 16/24 MP: 3/3
    83 | D        | Reached *** piety under Lugonu
    84 | D        | Reached XP level 3. HP: 25/29 MP: 4/4
   138 | D        | Noticed a water elemental
   145 | D        | Killed a water elemental
   146 | D        | Reached skill level 10 in Polearms
   146 | D        | Reached skill level 5 in Invocations
   146 | D        | Reached XP level 4. HP: 35/35 MP: 4/7
   224 | D        | Found a glowing silver altar of Zin.
   224 | D        | Found a glowing golden altar of the Shining One.
   224 | D        | Found a white marble altar of Elyvilon.
   225 | D        | Noticed a deep elf pyromancer
   229 | D        | Noticed a fire elemental
   229 | D        | Noticed a fire elemental
   229 | D        | Banished a deep elf pyromancer
   230 | D        | Reached skill level 13 in Invocations
   230 | D        | Reached XP level 5. HP: 30/41 MP: 3/14
   230 | D        | Reached XP level 6. HP: 34/47 MP: 3/15
   230 | D        | Reached XP level 7. HP: 38/52 MP: 3/17
   319 | D        | Found a hide-covered altar of Uskayaw.
   319 | D        | Found an iron altar of Okawaru.
   319 | D        | Found a bloodstained altar of Trog.
   319 | D        | Found an ornate altar of the Wu Jian Council.
   319 | D        | Noticed a human
   319 | D        | Noticed a human
   334 | D        | Banished a human
   335 | D        | Reached skill level 5 in Fighting
   335 | D        | Reached skill level 5 in Dodging
   340 | D        | Banished a human
   511 | D        | Found a radiant altar of Vehumet.
   511 | D        | Found a shimmering blue altar of Sif Muna.
   511 | D        | Found an ancient bone altar of Kikubaaqudgha.
   522 | D        | Reached **** piety under Lugonu
   632 | D        | Learned a level 1 spell: Animate Skeleton
   644 | D        | Found a basalt altar of Yredelemnul.
   644 | D        | Found a shadowy altar of Dithmenos.
   644 | D        | Found a sacrificial altar of Ru.
   665 | D        | Reached XP level 8. HP: 35/66 MP: 13/18
   835 | D        | Noticed a shadow
   855 | D        | Banished a shadow
  1228 | D        | Reached skill level 5 in Evocations
  1288 | D        | Noticed a two-headed ogre
  1290 | D        | Banished a two-headed ogre
  1343 | D        | Noticed Erolcha
  1343 | D        | Noticed a two-headed ogre
  1344 | D        | Banished Erolcha
  1345 | D        | Reached skill level 10 in Evocations
  1345 | D        | Reached XP level 9. HP: 75/75 MP: 14/19
  1346 | D        | Banished a two-headed ogre
  1443 | D        | Succumbed to a redback's poison

Illustrated notes

Levels and vault maps discovered:
D:        dungeon_sprint_mu [sprint_mu_entry_cave, sprint_mu_temple_rooms,
          sprint_mu_d1_spiders, sprint_mu_d2_genie, sprint_mu_d3_branching,
          sprint_mu_orc_legion, sprint_mu_elf_gauntlet, sprint_mu_hive_nellie,
          sprint_mu_lair_fedhas, sprint_mu_vaults_butterflies,
          sprint_mu_slime_circle, sprint_mu_shoals_archi,
          sprint_mu_snake_twists, sprint_mu_blade_basic,
          sprint_mu_crypt_fortress, sprint_mu_tomb_spiral,
          sprint_mu_vestibule_basic, sprint_mu_gehenna_hellfire,
          sprint_mu_dis_giant, sprint_mu_tartarus_statrot,
          sprint_mu_cocytus_islands, sprint_mu_zot1]

Skill      XL: |  1  2  3  4  5  6  7  8  9 |
---------------+----------------------------+-----
Polearms       | 8 10 12 | 12.5
Invocations    | 5 13 | 13.7
Fighting       | 7 8 |  8.5
Dodging        | 8 9 |  9.7
Evocations     | 10 11 | 11.8
Armour         | |  0.6

Action                   |  1- 3 |  4- 6 |  7- 9 || total
-------------------------+-------+-------+-------++-------
Melee: Spear             |    44 |       |    41 ||    85
Invok: Banish            |       |     1 |    14 ||    15
Evoke: Wand              |       |       |     5 ||     5
  Use: Potion            |     3 |       |     2 ||     5
       Scroll            |       |     1 |       ||     1
Armor: Leather armour    |     1 |       |     3 ||     4
Dodge: Dodged            |    13 |     1 |    17 ||    31

Table legend: (Time is in decaauts)
 A = Elapsed time spent in this place.
 B = Non-inter-level travel time spent in this place.
 C = Inter-level travel time spent in this place.
 D = Time resting spent in this place.
 E = Time spent auto-exploring this place.
 F = Levels seen in this place.
 G = Mean time per level.
                   A        B        C        D        E       F      G
               +--------+--------+--------+--------+--------+-----+--------+
         Total |   1414 |   1414 |      0 |    866 |    338 |   1 | 1414.0 |
       Dungeon |   1414 |   1414 |      0 |    866 |    338 |   1 | 1414.0 |
               +--------+--------+--------+--------+--------+-----+--------+

Top non-repeatable levels by time:
       D: 1414 daAuts
